 Dungeon Crawl Stone Soup version 0.30-a0-636-g200c5c4a83 (webtiles) character file.

Game seed: 7098269977075899185

11312 Majang the Cleaver (level 11, -5/97 HPs)
             Began as a Hill Orc Gladiator on Jan 15, 2023.
             Was an Elder of Makhleb.
             Slain by a komodo dragon (22 damage)
             ... on level 1 of the Lair of Beasts.
             The game lasted 00:36:29 (10451 turns).

Majang the Cleaver (Hill Orc Gladiator)            Turns: 10451, Time: 00:36:29

Health: -5/97      AC: 18    Str: 22    XL:     11   Next: 75%
Magic:  18/18      EV: 11    Int:  8    God:    Makhleb [****..]
Gold:   236        SH:  5    Dex: 18    Spells: 10/10 levels left

rFire   + . .      SeeInvis .    a - +0 battleaxe
rCold   + . .      Faith    .    (shield currently unavailable)
rNeg    + . .      Spirit   .    C - +3 chain mail
rPois   +          Reflect  +    D - -2 hat of the Alchemist {rElec rPois rF+ rC+ rN+ Will+ rMut rCorr}
rElec   +          Harm     .    F - +0 cloak
rCorr   +          Rampage  .    s - +0 pair of gloves
rMut    +                        q - +2 pair of boots
Will    +....                    n - amulet of reflection Stlth
                                 g - ring of resist corrosion
HPRegen 0.36/turn                f - +6 ring of dexterity
MPRegen 0.16/turn

@: no status effects
A: no striking features
a: Renounce Religion, Minor Destruction, Lesser Servant of Makhleb, Major
Destruction


You were on level 1 of the Lair of Beasts.
You worshipped Makhleb.
Makhleb was greatly pleased with you.
You visited 2 branches of the dungeon, and saw 11 of its levels.
You also visited: Sewer.

You collected 885 gold pieces.
You spent 649 gold pieces at shops.

Inventory:

Hand Weapons
 a - a +0 battleaxe (weapon)
 b - a +2 morningstar of protection
 m - a +1 hand axe of electrocution
Missiles
 d - 3 throwing nets (quivered)
 e - 6 javelins
 v - 10 boomerangs
Armour
 q - a +2 pair of boots (worn)
 s - a +0 pair of gloves (worn)
 C - a +3 chain mail (worn)
 D - the -2 hat of the Alchemist (worn) {rElec rPois rF+ rC+ rN+ Will+ rMut rCorr}
   (You bought it in a shop on level 7 of the Dungeon)

   rF:        It protects you from fire.
   rC:        It protects you from cold.
   rElec:     It insulates you from electricity.
   rPois:     It protects you from poison.
   rN:        It protects you from negative energy.
   rCorr:     It protects you from acid and corrosion.
   rMut:      It protects you from mutation.
   Will:      It increases your willpower.
 F - a +0 cloak (worn)
Jewellery
 f - a +6 ring of dexterity (right hand)
 g - a ring of resist corrosion (left hand)
 n - an amulet of reflection (around neck)
Wands
 j - a wand of digging (6)
 o - a wand of light (3)
 u - a wand of flame (7)
 w - a wand of mindburst (9)
Scrolls
 c - 4 scrolls of identify
 k - a scroll of teleportation
 r - a scroll of poison {unknown}
 x - 2 scrolls of fog
 E - a scroll of magic mapping
Potions
 h - a potion of invisibility
 i - 3 potions of attraction
 l - 2 potions of flight
 p - 3 potions of lignification
 t - 2 potions of curing
 z - a potion of cancellation
 A - a potion of haste
 B - a potion of might


   Skills:
 + Level 9.3 Fighting
 * Level 14.3 Axes
 - Level 1.7 Throwing
 + Level 8.2 Armour
 + Level 6.7 Dodging
 * Level 9.5 Invocations


You had 10 spell levels left.
You didn't know any spells.
Your spell library contained the following spells:

 Spells                   Type           Power      Damage    Failure   Level
 Sublimation of Blood     Necr           0%         N/A       99%         2
 Call Canine Familiar     Summ           0%         N/A       100%        3
 Portal Projectile        Hex/Tloc       0%         N/A       100%        3
 Leda's Liquefaction      Hex/Erth       0%         N/A       100%        4
 Petrify                  Tmut/Erth      0%         N/A       100%        4
 Irradiate                Conj/Tmut      0%         3d11      100%        5


Dungeon Overview and Level Annotations

Branches:
Dungeon (10/15)            Temple (0/1) D:7            Lair (1/5) D:9
  Sewer (visited)
    Orc: D:9-12

Altars:
Gozag
Hepliaklqana
Makhleb
Nemelex Xobeh
Okawaru
Qazlal
Ru
Sif Muna
Uskayaw
Wu Jian
Xom
Zin
The Shining One

Shops:
D:1 :   D:3 !   D:7 [   D:9 !=[*

Annotations:
D:7 3 runed translucent doors, Decipherer's ghost, novice MiBe
D:10 Snorg


Message History

A basilisk comes into view.
You slash the water moccasin!
The water moccasin is severely wounded.
The water moccasin misses you.
You closely miss the water moccasin.
The water moccasin is severely wounded.
The water moccasin closely misses you.
The water moccasin bites you but does no damage.
You closely miss the water moccasin.
The water moccasin is severely wounded.
You block the water moccasin's attack.
You barely miss the water moccasin.
The water moccasin is severely wounded.
The water moccasin bites you.
You closely miss the water moccasin.
The water moccasin is severely wounded.
The water moccasin closely misses you. The water moccasin barely misses you.
You barely miss the water moccasin.
The water moccasin is severely wounded.
The water moccasin barely misses you.
The basilisk hisses menacingly.
You barely miss the water moccasin.
The water moccasin is severely wounded.
You block the water moccasin's attack. x2
You slash the water moccasin!
You kill the water moccasin!
Makhleb accepts your kill.
You hit the komodo dragon but do no damage.
The komodo dragon bites you!!
You hit the komodo dragon.
The komodo dragon is lightly wounded.
The komodo dragon bites you but does no damage.
You hit the komodo dragon but do no damage.
The komodo dragon is lightly wounded.
The komodo dragon bites you!!
* * * LOW HITPOINT WARNING * * *
You slice the komodo dragon!!
The komodo dragon is heavily wounded.
The komodo dragon bites you!!
You die...

.. .....# ... #......
.S####......P . ..
..........# #...
#†.......# #... #..#
.... #ll# .... ..#..#
#l## ....###....# #@#
...........# #†##
####.......#####.P#
...#.......#P##..##
...#..............#
...#.............##
...#.............####..
...#.†.....####.........
...#......## #......)..


You could see a komodo dragon and 2 basilisks.

Vanquished Creatures
  A boulder beetle (D:6)
  A two-headed ogre (D:9)
  2 black mambas (Lair:1)
  Maurice (D:9)
  A cane toad (Lair:1)
  Prince Ribbit (D:7)
  A wyvern (Lair:1)
  14 yaks
  A wraith (D:6)
  4 steam dragons
  Eustachio (D:6)
  Menkaure (D:7)
  3 water moccasins
  Duvessa (D:7)
  An ice beast (D:6)
  5 orc warriors
  3 black bears
  6 wolves (Lair:1)
  A centaur (D:8)
  4 phantoms
  3 kobold brigands
  2 gnoll sergeants
  10 bullfrogs
  2 necrophages
  9 wights
  A scorpion (D:6)
  Dowan (D:7)
  9 killer bees
  2 vampire bats (D:3)
  2 howler monkeys
  2 hounds (D:5)
  10 orc priests
  3 iguanas
  19 orc wizards
  10 gnolls
  10 adders
  A shadow imp (D:6)
  A white imp (D:5)
  An ufetubus (D:4)
  3 worms
  4 dart slugs
  42 orcs
  9 endoplasms
  8 giant cockroaches
  5 goblins
  9 hobgoblins
  12 jackals
  17 kobolds
  7 quokkas
  8 ball pythons
  17 bats
  3 frilled lizards (D:2)
  5 rats
300 creatures vanquished.

Vanquished Creatures (others)
  A fungus (Lair:1)
1 creature vanquished.

Grand Total: 301 creatures vanquished

Notes
Turn   | Place    | Note
-------+----------+-------------------------------------------
     0 | D:1      | Majang the Hill Orc Gladiator began the quest for the Orb.
     0 | D:1      | Reached XP level 1. HP: 18/18 MP: 1/1
   181 | D:1      | Reached XP level 2. HP: 21/25 MP: 2/2
   299 | D:1      | Found Tuon's Book Emporium.
   862 | D:2      | Reached skill level 1 in Armour
   864 | D:2      | Reached XP level 3. HP: 26/30 MP: 3/3
  1177 | D:2      | Reached skill level 5 in Axes
  1312 | D:2      | Reached XP level 4. HP: 38/38 MP: 4/4
  1700 | D:3      | Found a shimmering blue altar of Sif Muna.
  1796 | D:3      | Reached XP level 5. HP: 42/45 MP: 5/5
  1867 | D:3      | Reached skill level 6 in Axes
  2011 | D:3      | Found Fair's Distillery.
  2021 | D:3      | Bought a potion of curing for 36 gold pieces
  2075 | D:3      | Reached XP level 6. HP: 30/52 MP: 6/6
  2947 | D:4      | Noticed a black bear
  2958 | D:4      | Killed a black bear
  3028 | D:4      | Reached skill level 7 in Axes
  3028 | D:4      | Reached XP level 7. HP: 59/60 MP: 7/7
  3505 | D:4      | Found an iron altar of Okawaru.
  3633 | D:5      | Entered Level 5 of the Dungeon
  3723 | D:5      | Reached skill level 5 in Fighting
  3902 | D:5      | Reached skill level 8 in Axes
  4238 | D:5      | Reached XP level 8. HP: 57/68 MP: 8/8
  4777 | D:6      | Found a glowing drain.
  4799 | D:6      | Found a burning altar of Makhleb.
  4808 | D:6      | Became a worshipper of Makhleb the Destroyer
  4855 | Sewer    | Entered a sewer
  4896 | Sewer    | Reached skill level 9 in Axes
  4896 | Sewer    | Reached skill level 1 in Invocations
  5164 | D:6      | Reached * piety under Makhleb
  5247 | D:6      | Found an ornate altar of the Wu Jian Council.
  5306 | D:6      | Found a shimmering altar of Xom.
  5307 | D:6      | Found a glowing golden altar of the Shining One.
  5347 | D:6      | Noticed Eustachio
  5373 | D:6      | Killed Eustachio
  5424 | D:6      | Noticed a boulder beetle
  5437 | D:6      | Reached skill level 10 in Axes
  5437 | D:6      | Reached skill level 5 in Armour
  5437 | D:6      | Reached XP level 9. HP: 36/75 MP: 9/11
  5444 | D:6      | Killed a boulder beetle
  5445 | D:6      | Reached skill level 5 in Dodging
  5712 | D:6      | Reached skill level 11 in Axes
  5990 | D:7      | Noticed Menkaure
  6001 | D:7      | Killed Menkaure
  6312 | D:7      | Noticed Dowan
  6313 | D:7      | Noticed Duvessa
  6324 | D:7      | Noticed Prince Ribbit
  6330 | D:7      | Killed Duvessa
  6331 | D:7      | Reached skill level 5 in Invocations
  6337 | D:7      | Killed Prince Ribbit
  6338 | D:7      | Reached XP level 10. HP: 64/86 MP: 13/13
  6347 | D:7      | Killed Dowan
  6427 | D:7      | Found Ufir's Armour Boutique.
  6430 | D:7      | Found a staircase to the Ecumenical Temple.
  6434 | D:7      | Reached ** piety under Makhleb
  6448 | D:7      | Noticed Decipherer's ghost (novice MiBe)
  6461 | D:7      | Found a runed translucent gate.
  6461 | D:7      | Found a runed translucent gate.
  6461 | D:7      | Found a runed translucent gate.
  6580 | D:7      | Bought the -2 hat of the Alchemist {rElec rPois rF+ rC+ rN+
                  | Will+ rMut rCorr} for 613 gold pieces
  6580 | D:7      | Found the -2 hat of the Alchemist {rElec rPois rF+ rC+ rN+
                  | Will+ rMut rCorr}
  6647 | D:7      | Reached skill level 12 in Axes
  6672 | D:7      | Found a stormy altar of Qazlal.
  6750 | D:7      | Found a faded altar of an unknown god.
  6822 | D:7      | Found a hazy altar of Hepliaklqana.
  6822 | D:7      | Found a faded altar of an unknown god.
  7629 | D:8      | Found a sacrificial altar of Ru.
  7822 | D:8      | Found a hide-covered altar of Uskayaw.
  8163 | D:9      | Noticed a two-headed ogre
  8170 | D:9      | Killed a two-headed ogre
  8344 | D:9      | Noticed Maurice
  8353 | D:9      | Killed Maurice
  8384 | D:9      | Found Utaitove's Jewellery Shoppe.
  8456 | D:9      | Found Emnus's Armour Emporium.
  8533 | D:9      | Reached skill level 13 in Axes
  8645 | D:9      | Found a staircase to the Lair.
  8722 | D:9      | Found a glowing silver altar of Zin.
  8759 | D:9      | Reached *** piety under Makhleb
  8882 | D:9      | Found an opulent altar of Gozag.
  8942 | D:9      | Reached XP level 11. HP: 81/95 MP: 16/16
  8986 | D:9      | Found Peixeaxt's Distillery.
  9074 | D:9      | Found Hain's General Store.
  9169 | D:10     | Entered Level 10 of the Dungeon
  9523 | D:10     | Noticed Snorg
  9854 | Lair:1   | Entered Level 1 of the Lair of Beasts
 10238 | Lair:1   | Found a sparkling altar of Nemelex Xobeh.
 10253 | Lair:1   | Reached skill level 14 in Axes
 10254 | Lair:1   | Reached **** piety under Makhleb
 10451 | Lair:1   | Slain by a komodo dragon

Illustrated notes

Levels and vault maps discovered:
D:1:      dpeg_arrival_round_c, layout_loops_ring, serial_shops,
          nicolae_lakefront_shop, minmay_heptomino_d4
D:2:      wad_river_or_something, layout_basic
D:3:      minmay_chambers_of_twos, layout_loops_ring,
          mainiacjoe_overflow_small_starburst, serial_shops,
          nicolae_shop_advertising_works [nicolae_subvault_shop_adworks],
          roderic_batcave
D:4:      cheibrodos_helix_gallery, layout_gridville, okawaru_altar_gauntlet_db,
          st_stairs_4, small_statue_intersection, minmay_fractal_squares_5
D:5:      layout_gridville
D:6:      layout_rooms, bloody_makhleb, kennysheep_little_box,
          gammafunk_temple_overflow_pools, portal_sewer_entry_f,
          hangedman_minor_gate_pass, uniq_eustachio
D:7:      layout_rooms, nicolae_hepliaklqana_ecumenical_no_more,
          mainiacjoe_overflow_24_doors, minmay_temple_entry_from_below_a,
          serial_shops, shop, gammafunk_ghost_split, uniq_menkaure,
          uniq_duvessa, uniq_prince_ribbit1
D:8:      layout_loops_corners, nicolae_uskayaw_murder_on_the_dancefloor,
          nicolae_ru_sacrificial_ziggurat
D:9:      layout_roguey, pdpol_temple_overflow_zin_treasury_gozag_greed,
          lair_entry_dummy, serial_shops, nicolae_shop_crystal,
          nicolae_shop_stone, shop, nicolae_shop_trees, nicolae_two_hexagons,
          uniq_maurice
D:10:     layout_cave_pools, hellmonk_bongcloud_opening, uniq_snorg
Lair:1:   layout_chaotic_city, basic_altar, beast_lair_carwin_1

Skill      XL: |  1  2  3  4  5  6  7  8  9 10 11 |
---------------+----------------------------------+-----
Armour         | 1 2 3 4 5 6 7 8 |  8.2
Fighting       | 3 4 5 6 7 8 9 |  9.3
Axes           | 5 6 7 8 10 11 13 14 | 14.3
Dodging        | 3 4 5 6 |  6.7
Invocations    | 2 5 7 9 |  9.5
Throwing       | |  1.7

Action                   |  1- 3 |  4- 6 |  7- 9 | 10-12 || total
-------------------------+-------+-------+-------+-------++-------
Melee: War axe           |    87 |   190 |    73 |       ||   350
       Punch             |     1 |     2 |     4 |       ||     7
       Hand axe          |       |       |    67 |       ||    67
       Battleaxe         |       |       |   206 |   365 ||   571
Invok: Minor Destruction |       |       |       |    17 ||    17
  Use: Scroll            |       |    14 |     8 |     2 ||    24
       Potion            |       |     1 |     1 |     2 ||     4
 Stab: Sleeping          |     1 |       |       |       ||     1
Armor: Leather armour    |     5 |       |       |       ||     5
       Ring mail         |    28 |    95 |       |       ||   123
       Chain mail        |       |    34 |   267 |   240 ||   541
       Steam dragon scal |       |       |       |     2 ||     2
Dodge: Dodged            |    55 |   142 |   153 |   202 ||   552
Block: Other             |       |       |    38 |   102 ||   140

Table legend: (Time is in decaauts)
 A = Elapsed time spent in this place.
 B = Non-inter-level travel time spent in this place.
 C = Inter-level travel time spent in this place.
 D = Time resting spent in this place.
 E = Time spent auto-exploring this place.
 F = Levels seen in this place.
 G = Mean time per level.
                   A        B        C        D        E       F      G
               +--------+--------+--------+--------+--------+-----+--------+
         Total |  10572 |   9989 |    583 |   1981 |   5121 |  12 |  881.0 |
       Dungeon |   9968 |   9386 |    582 |   1835 |   4934 |  10 |  996.8 |
          Lair |    438 |    438 |      0 |     69 |    187 |   1 |  438.0 |
         Sewer |    164 |    164 |      0 |     77 |      0 |   1 |  164.0 |
               +--------+--------+--------+--------+--------+-----+--------+

Top non-repeatable levels by time:
     D:9: 1530 daAuts
     D:3: 1318 daAuts
     D:6: 1129 daAuts
     D:8: 1104 daAuts
     D:5: 1101 daAuts
     D:7: 1039 daAuts
     D:2: 812 daAuts
     D:4: 796 daAuts
     D:1: 766 daAuts
  Lair:1: 438 daAuts
    D:10: 369 daAuts
   Sewer: 164 daAuts
